 Dungeon Crawl Stone Soup version 0.19.5 (webtiles) character file.

56 Megalobster the Conjurer (level 3, 0/19 HPs)
             Began as a Deep Elf Conjurer on Apr 15, 2017.
             Was an Initiate of Vehumet.
             Engulfed by a cloud of flame (19 damage)
             ... on level 2 of the Dungeon.
             The game lasted 00:04:20 (1406 turns).

Megalobster the Conjurer (Deep Elf Conjurer)        Turns: 1406, Time: 00:04:21

Health: 0/19       AC:  3    Str:  5    XL:     3   Next: 69%
Magic:  10/10      EV: 13    Int: 20    God:    Vehumet [......]
Gold:   122        SH:  0    Dex: 15    Spells: 2 memorised, 7 levels left

rFire  . . .     SeeInvis .     m - +1 whip (flame)
rCold  + . .     Gourm    .     a - +0 robe
rNeg   . . .     Faith    .     (no shield)
rPois  .         Spirit   .     (no helmet)
rElec  .         Reflect  .     (no cloak)
rCorr  .         Harm     .     (no gloves)
MR     .....                    (no boots)
Stlth  ++........               (no amulet)
                                i - ring of protection from cold
                                g - +1 ring of protection

@: no status effects
A: no striking features
a: Renounce Religion


You were on level 2 of the Dungeon.
You worshipped Vehumet.
Vehumet was noncommittal.
You were not hungry.

You visited 1 branch of the dungeon, and saw 2 of its levels.

You collected 122 gold pieces.

Inventory:

Hand Weapons
 e - a +0 short sword
 m - a +1 whip of flaming (weapon)
Armour
 a - a +0 robe (worn)
 h - a +0 robe
Jewellery
 g - a +1 ring of protection (left hand)
 i - a ring of protection from cold (right hand)
Potions
 k - a potion of resistance {unknown}
 l - 2 potions of haste {unknown}
 n - a potion of mutation {unknown}
Books
 b - a book of Conjurations

   Spells                             Type                      Level
   a - Magic Dart                     Conjuration                  1
   b - Searing Ray                    Conjuration                  2
   c - Dazzling Spray                 Conjuration/Hexes            3
   d - Fulminant Prism                Conjuration/Hexes            4
   e - Iskenderun's Mystic Blast      Conjuration                  4
   f - Iskenderun's Battlesphere      Conjuration/Charms           5
Comestibles
 c - a bread ration
 d - 2 chunks of flesh
 f - 2 fruits
 j - a beef jerky


   Skills:
 - Level 2.4 Dodging
 - Level 2.4 Stealth
 + Level 4.0 Spellcasting
 * Level 5.5 Conjurations


You had 7 spell levels left.
You knew the following spells:

 Your Spells              Type           Power        Failure   Level  Hunger
a - Magic Dart            Conj           ####         1%          1    None
b - Searing Ray           Conj           ####..       1%          2    #......


Dungeon Overview and Level Annotations

Branches:
Dungeon (2/15)

Altars:
Vehumet


Message History

Okay, then.
Found a radiant altar of Vehumet.
Found 11 gold pieces.
Things that are here:
a club; a stone You now have 122 gold pieces (gained 11).
Found a meat ration.
Some of the chunks of flesh in your inventory have rotted away.
Really walk into that cloud of flame? [Y]es or [N]o only, please.
Really walk into that cloud of flame? [Y]es or [N]o only, please.
Really walk into that cloud of flame?
Okay, then.
There is a radiant altar of Vehumet here.
You kneel at the altar of Vehumet.
Vehumet welcomes you!
You are engulfed in roaring flames.
Ouch! That really hurt!
You die...

########.###.......(....##
.............###.....#...#
..####.................#...
..######.####.##.....#...##
......##.# #%##.....##.##
#.###.##.####.####.#.# .#
#.# #...........#)# # #.#
### #.....##.##.# #.#
#.§.@.#...#.# #.#
#§.§........# #.#
#§§§§.......# #.#
#..........## ..#
##.#......## ###
#.#.###..## ..#.# ##.#
###.# .... ## #.###


There were no monsters in sight!

Vanquished Creatures
  2 adders (D:2)
  3 dart slugs (D:1)
  A leopard gecko (D:1)
  6 bats
  A giant cockroach (D:1)
  3 goblins
  4 hobgoblins
  2 kobolds (D:2)
  3 frilled lizards
  7 rats (D:1)
32 creatures vanquished.

Notes
Turn   | Place    | Note
-------+----------+-------------------------------------------
     0 | D:1      | Megalobster the Deep Elf Conjurer began the quest for the Orb.
     0 | D:1      | Reached XP level 1. HP: 10/10 MP: 6/6
   216 | D:1      | Reached XP level 2. HP: 3/15 MP: 0/8
   287 | D:1      | Learned a level 2 spell: Searing Ray
   768 | D:1      | Reached skill level 5 in Conjurations
   947 | D:1      | Reached XP level 3. HP: 19/19 MP: 7/10
  1378 | D:2      | Found a radiant altar of Vehumet.
  1405 | D:2      | Became a worshipper of Vehumet
  1406 | D:2      | Engulfed by a cloud of flame

Skill      XL: |  1  2  3 |
---------------+----------+-----
Conjurations   | 5 |  5.5
Spellcasting   | 4 |  4.0
Dodging        | |  2.4
Stealth        | |  2.4

Action                   || total
-------------------------++-------
 Cast: Magic Dart        ||    64
       Searing Ray       ||     1
  Eat: Chunk             ||     1
Armor: Robe              ||     1
Dodge: Dodged            ||    10
